 Dungeon Crawl Stone Soup version 0.21.1-1-g345015f (webtiles) character file.

70 letownia2 the Conjurer (level 4, -6/24 HPs)
             Began as a Tengu Wizard on Mar 3, 2018.
             Mangled by an orc
             ... wielding a +0 hand axe
              (7 damage)
             ... on level 4 of the Dungeon.
             The game lasted 00:04:07 (467 turns).

letownia2 the Conjurer (Tengu Wizard)                Turns: 467, Time: 00:04:08

Health: -6/24      AC:  2    Str:  8    XL:     4   Next: 22%
Magic:  3/9        EV: 12    Int: 19    God:
Gold:   126        SH:  0    Dex: 12    Spells: 3/9 levels left

rFire    . . .     SeeInvis .   f - +3 short sword (flame)
rCold    . . .     Gourm    .   (no shield)
rNeg     . . .     Faith    .   a - +0 robe
rPois    .         Spirit   .   b - +0 hat
rElec    .         Reflect  .   (no cloak)
rCorr    .         Harm     .   (no gloves)
MR       .....                  (boots unavailable)
Stlth    ++........             (no amulet)
HPRegen  0.08/turn              (no ring)
MPRegen  0.11/turn              (no ring)

@: no status effects
A: beak, talons 3
a: no special abilities


You were on level 4 of the Dungeon.
You were not hungry.

You visited 1 branch of the dungeon, and saw 4 of its levels.

You collected 126 gold pieces.

Inventory:

Hand Weapons
 f - a +3 short sword of flaming (weapon)
Armour
 a - a +0 robe (worn)
 b - a +0 hat (worn)
 i - a +0 leather armour
Scrolls
 h - 2 scrolls of remove curse {unknown}
 j - a scroll of amnesia {unknown}
 k - a scroll of magic mapping {unknown}
Potions
 e - 2 potions of might {unknown}
 g - 2 potions of curing {unknown}
Books
 c - a book of Minor Magic

   Spells                             Type                      Level
   a - Magic Dart                     Conjuration                  1
   b - Blink                          Translocation                2
   c - Call Imp                       Summoning                    2
   d - Slow                           Hexes                        2
   e - Conjure Flame                  Conjuration/Fire             3
   f - Mephitic Cloud                 Conjuration/Poison/Air       3
Comestibles
 d - 4 rations


   Skills:
 - Level 2.1 Dodging
 - Level 2.0 Stealth
 - Level 3.0 Spellcasting
 + Level 5.3 Conjurations
 - Level 1.2 Summonings
   Level 0.7 Translocations


You had 3 spell levels left.
You knew the following spells:

 Your Spells              Type           Power        Failure   Level  Hunger
a - Magic Dart            Conj           ###.         1%          1    None
e - Mephitic Cloud        Conj/Pois/Air  #.......     22%         3    ###....
i - Call Imp              Summ           #.......     14%         2    ##.....


Dungeon Overview and Level Annotations

Branches:
Dungeon (4/15)
 Temple: D:4-7

Altars:
Gozag
Hepliaklqana
Xom

Shops:
D:4 *


Innate Abilities, Weirdness & Mutations

You have a beak for a mouth.
You have claws for feet.


Message History

You are more confused.
The orc is engulfed in noxious fumes.
The orc appears confused.
The orc hits the orc but does no damage.
Unknown command.
The orc is engulfed in noxious fumes.
The orc appears confused.
Unknown command.
The orc is engulfed in noxious fumes.
The orc appears confused.
You feel less confused.
You hit the orc. You burn the orc.
You kill the orc!
You barely miss the orc. Your kick misses the orc.
The orc hits you with a hand axe.
* * * LOW HITPOINT WARNING * * *
Casting: Mephitic Cloud
Confirm with . or Enter, or press ? or * to list all spells.
Aiming: Magic Dart
Press: ? - help, Shift-Dir - straight line, f - orc
Aim: an orc, wielding a hand axe and wearing a chain mail The magic dart hits the orc.
The orc hits you with a hand axe!
You die... #...# #...............o #..# #............... #..####...........o. ##....###.....# .oo

#
#...#....######
#.# #
#.######.....#
#.# ###.#
#####.# #.#
.##.# #.#####.#
....# #..@o).o#
..### ######.##
...### ###
#....#####
###......#
≈≈≈>#....#
..≈......#
⌠.≈###(..# ..≈#
#...#


You could see 2 orcs.

Vanquished Creatures
  A jelly (D:4)
  An adder (D:3)
  An adder skeleton (D:4)
  A worm (D:3)
  A leopard gecko (D:3)
  2 orcs (D:4)
  2 bats
  2 giant cockroaches (D:3)
  4 goblins
  A hobgoblin (D:3)
  3 kobolds
  A quokka (D:4)
  A rat (D:3)
21 creatures vanquished.

Notes
Turn   | Place    | Note
-------+----------+-------------------------------------------
     0 | D:1      | letownia2 the Tengu Wizard began the quest for the Orb.
     0 | D:1      | Reached XP level 1. HP: 10/10 MP: 5/5
    27 | D:1      | Reached skill level 2 in Conjurations
   133 | D:2      | Reached XP level 2. HP: 15/15 MP: 0/7
   143 | D:2      | Learned a level 2 spell: Call Imp
   198 | D:3      | Reached skill level 3 in Conjurations
   241 | D:3      | Reached XP level 3. HP: 19/19 MP: 2/8
   244 | D:3      | Reached skill level 4 in Conjurations
   254 | D:3      | Learned a level 3 spell: Mephitic Cloud
   288 | D:2      | Found a shimmering altar of Xom.
   289 | D:2      | Found a hazy altar of Hepliaklqana.
   289 | D:2      | Noticed a caustic shrike
   373 | D:4      | Found an opulent altar of Gozag.
   381 | D:4      | Found Gozag's Platinum Reserve.
   424 | D:4      | Reached skill level 5 in Conjurations
   424 | D:4      | Reached XP level 4. HP: 24/24 MP: 2/9
   466 | D:4      | HP: 1/24 [orc/hand axe (6)]
   467 | D:4      | Mangled by an orc

Skill      XL: |  1  2  3 |
---------------+----------+-----
Conjurations   | 2 3 5 |  5.3
Dodging        | |  2.1
Stealth        | |  2.0
Spellcasting   | |  3.0
Summonings     | |  1.2
Translocations | |  0.7

Action                   |  1- 3 |  4- 6 || total
-------------------------+-------+-------++-------
Melee: Short sword       |    16 |    16 ||    32
       Peck              |     3 |     2 ||     5
       Kick              |     1 |       ||     1
 Cast: Magic Dart        |    27 |     2 ||    29
       Mephitic Cloud    |     1 |     1 ||     2
Armor: Robe              |     7 |     1 ||     8
Dodge: Dodged            |    11 |     7 ||    18
